 Dungeon Crawl Stone Soup version 0.28-b1-70-g80dc712255 (webtiles) character file.

Game seed: 4788330372993523135

44 tizbic2 the Grave Robber (level 3, -2/26 HPs)
             Began as a Draconian Necromancer on Feb 3, 2022.
             Was an Initiate of Cheibriados.
             Slain by a worm (7 damage)
             ... on level 2 of the Dungeon.
             The game lasted 00:05:42 (1301 turns).

tizbic2 the Grave Robber (Draconian Necromancer)    Turns: 1301, Time: 00:05:42

Health: -2/26      AC:  5    Str: 13    XL:     3   Next: 41%
Magic:  0/6        EV: 12    Int: 16    God:    Cheibriados [......]
Gold:   37         SH:  5    Dex: 12    Spells: 2/6 levels left

rFire   . . .      SeeInvis .   d - +1 dagger (pain)
rCold   . . .      Faith    .   (no shield)
rNeg    . . .      Spirit   .   (armour unavailable)
rPois   .          Reflect  +   (helmet restricted)
rElec   .          Harm     .   (no cloak)
rCorr   .          Rampage  .   (no gloves)
Will    .....                   (no boots)
Stlth   ++........              e - amulet of reflection
HPRegen 0.08/turn               (no ring)
MPRegen 0.10/turn               (no ring)

@: very slow
A: AC +5, unfitting armour, cold-blooded
a: Renounce Religion


You were on level 2 of the Dungeon.
You worshipped Cheibriados.
Cheibriados was noncommittal.
You visited 1 branch of the dungeon, and saw 2 of its levels.

You collected 37 gold pieces.

Inventory:

Hand Weapons
 d - a +1 dagger of pain (weapon)
Missiles
 c - 45 stones (quivered)
Jewellery
 e - an amulet of reflection (around neck)
Scrolls
 a - a scroll of noise {unknown}
 b - a scroll of teleportation {unknown}
 g - a scroll of torment {unknown}
 h - a scroll of vulnerability {unknown}
Potions
 f - a potion of brilliance {unknown}
 i - a potion of lignification {unknown}


   Skills:
 - Level 1.7 Dodging
 - Level 1.7 Stealth
 - Level 2.0 Spellcasting
 * Level 5.2 Necromancy


You had 2 spell levels left.
You knew the following spells:

 Your Spells              Type           Power      Damage    Failure   Level
a - Pain                  Necr           72%        1d7       2%          1
b - Vampiric Draining     Necr           18%        2d7       7%          3

Your spell library contained the following spells:

 Spells                   Type           Power      Damage    Failure   Level
 Animate Skeleton         Necr           36%        N/A       2%          1
 Magic Dart               Conj           4%         1d3       21%         1
 Call Imp                 Summ           1%         N/A       30%         2
 Animate Dead             Necr           9%         N/A       24%         4
 Mephitic Cloud           Conj/Pois/Air  1%         N/A       52%         3
 Agony                    Necr           18%        N/A       54%         5


Dungeon Overview and Level Annotations

Branches:
Dungeon (2/15)

Altars:
Cheibriados


Innate Abilities, Weirdness & Mutations

Your plain brown scales are hard. (AC +5)
You cannot fit into any form of body armour.
You are cold-blooded and may be slowed by cold attacks.


Message History

Casting: Pain (safe; 2% risk of failure)
Confirm with . or Enter, or press ? or * to list all spells.
Aiming: Pain (safe; 2% risk of failure)
Press: ? - help, Shift-Dir - straight line, f - worm
Aim: a worm (wandering, hasn't noticed you, chance to affect: 83%)
The worm barely resists.
Casting: Pain (safe; 2% risk of failure)
Confirm with . or Enter, or press ? or * to list all spells.
Aiming: Pain (safe; 2% risk of failure)
Press: ? - help, Shift-Dir - straight line, f/p - worm
Aim: a worm (chance to affect: 83%)
The worm writhes in agony.
Casting: Pain (safe; 2% risk of failure)
Confirm with . or Enter, or press ? or * to list all spells.
Aiming: Pain (safe; 2% risk of failure)
Press: ? - help, Shift-Dir - straight line, f/p - worm
Aim: a worm (lightly wounded, chance to affect: 83%)
The worm writhes in agony!
Throw: 46 stones
Press: ? - help, Q - select action, (/) - cycle Shift-Dir - straight line, f/p - worm
Aim: a worm (moderately wounded, 76% to hit)
You throw a stone. The stone barely misses the worm.
Casting: Pain (safe; 2% risk of failure)
Confirm with . or Enter, or press ? or * to list all spells.
The spell is quite dangerous to miscast (7% risk of failure)!
Continue anyway?
Aiming: Vampiric Draining (quite dangerous; 7% risk of failure)
Press: ? - help, Shift-Dir - straight line, f/p - worm
Aim: a worm (lightly wounded)
You draw life force from the worm!
You feel life coursing into your body.
You barely miss the worm.
The worm is severely wounded.
The worm bites you!
* * * LOW HITPOINT WARNING * * *
Casting: Vampiric Draining (quite dangerous; 7% risk of failure)
Confirm with . or Enter, or press ? or * to list all spells.
Aiming: Pain (safe; 2% risk of failure)
Press: ? - help, Shift-Dir - straight line, f/p - worm
Aim: a worm (severely wounded, chance to affect: 83%)
The worm barely resists.
The worm bites you!
You die...

#.....'.....#.#
#.##.####.....#.# #. #.#
#.....#.# #.##.# #.....#.#
#..#.# #.....#.# #..#.#
#.....#.############ #....#
#.....#.............
#.#..####.....##############
...##...>†.†..w@.....#<# #
........############.#.# #
...$........w.. #.# #
............... #.# #
............... #.# #
............... #.# #
.##............ #.# #
#............ #.# #
######..w.... #.# #


You could see a worm.

Vanquished Creatures
  An adder (D:2)
  A worm (D:2)
  A dart slug (D:2)
  2 ball pythons (D:1)
  2 endoplasms (D:1)
  A giant cockroach (D:1)
  5 goblins (D:1)
  3 hobgoblins
  2 quokkas (D:1)
  A bat (D:1)
  2 frilled lizards (D:1)
  3 kobolds (D:1)
  8 rats (D:1)
32 creatures vanquished.

Notes
Turn   | Place    | Note
-------+----------+-------------------------------------------
     0 | D:1      | tizbic2 the Draconian Necromancer began the quest for the
                  | Orb.
     0 | D:1      | Reached XP level 1. HP: 14/14 MP: 3/3
   371 | D:1      | Reached XP level 2. HP: 2/20 MP: 0/5
  1173 | D:2      | Found a snail-covered altar of Cheibriados.
  1180 | D:2      | Reached skill level 5 in Necromancy
  1187 | D:2      | Became a worshipper of Cheibriados the Contemplative
  1191 | D:2      | Reached XP level 3. HP: 23/26 MP: 6/6
  1214 | D:2      | Learned a level 3 spell: Vampiric Draining
  1301 | D:2      | Slain by a worm

Illustrated notes

Levels and vault maps discovered:
D:1:      psy_arrival_statuary, layout_basic, palyth_stone_intersect,
          minmay_rat_gold_closets
D:2:      layout_basic, basic_altar, minmay_indecisive_spiral

Skill      XL: |  1  2 |
---------------+-------+-----
Necromancy     | 5 |  5.2
Dodging        | |  1.7
Stealth        | |  1.7
Spellcasting   | |  2.0

Action                   || total
-------------------------++-------
Melee: Dagger            ||    50
       Unarmed           ||     2
       Tailslap          ||     3
Throw: Stone             ||     7
 Cast: Pain              ||    27
       Vampiric Draining ||     1
 Stab: Sleeping          ||     2
Armor: Skin              ||    10
Dodge: Dodged            ||    30
Block: Other             ||     3
